 Dungeon Crawl Stone Soup version 0.21.1-1-g345015f (webtiles) character file.

231 inc the Chiller (level 6, -11/36 HPs)
             Began as an Octopode Ice Elementalist on June 11, 2018.
             Was an Initiate of Gozag.
             Mangled by an ogre
             ... wielding a +0 giant club
              (16 damage)
             ... on level 4 of the Dungeon.
             The game lasted 00:03:35 (2731 turns).

inc the Chiller (Octopode Ice Elementalist)         Turns: 2731, Time: 00:03:36

Health: -11/36     AC:  1    Str:  7    XL:     6   Next: 4%
Magic:  7/9        EV: 13    Int: 20    God:    Gozag
Gold:   136        SH:  0    Dex: 12    Spells: 8/9 levels left

rFire    . . .     SeeInvis .   f - +0 mace (protect)
rCold    + . .     Gourm    .   (no shield)
rNeg     . . .     Faith    .   (helmet restricted)
rPois    .         Spirit   .   (no amulet)
rElec    .         Reflect  .   b - ring of protection from cold
rCorr    .         Harm     .   (no ring)
MR       .....                  (no ring)
Stlth    +++.......             (no ring)
HPRegen  0.12/turn              (no ring)
MPRegen  0.11/turn              (no ring)
                                (no ring)
                                (no ring)

@: no status effects
A: almost no armour, stealthy swim, amphibious, 8 rings, constrict 8, camouflage
1, gelatinous body 1
a: Potion Petition, Call Merchant, Bribe Branch, Renounce Religion


You were on level 4 of the Dungeon.
You worshipped Gozag.
Gozag was aware of your devotion.
You were very hungry.

You visited 1 branch of the dungeon, and saw 4 of its levels.

You collected 158 gold pieces.
You paid 22 gold pieces to Gozag.

Inventory:

Hand Weapons
 f - a +0 mace of protection (weapon)
 m - a +0 whip
Jewellery
 b - a ring of protection from cold (left tentacle)
 i - an uncursed ring of poison resistance {unknown}
Scrolls
 d - 3 scrolls of teleportation {unknown}
 g - 2 scrolls of identify {unknown}
 j - 2 scrolls of remove curse {unknown}
 l - a scroll of enchant armour {unknown}
 n - a scroll of blinking {unknown}
Potions
 e - 2 potions of curing {unknown}
 h - a potion of haste {unknown}
 k - a potion of lignification {unknown}
Books
 a - a book of Frost

   Spells                             Type                      Level
   a - Freeze                         Ice                          1
   b - Throw Frost                    Conjuration/Ice              2
   c - Ozocubu's Armour               Charms/Ice                   3
   d - Throw Icicle                   Conjuration/Ice              4
   e - Summon Ice Beast               Ice/Summoning                4
Comestibles
 c - 6 rations


   Skills:
 - Level 2.0 Dodging
 - Level 2.6 Stealth
 - Level 2.0 Spellcasting
   Level 1.0 Conjurations
 + Level 6.5 Ice Magic


You had 8 spell levels left.
You knew the following spells:

 Your Spells              Type           Power        Failure   Level  Hunger
a - Freeze                Ice            ####         1%          1    #......


Dungeon Overview and Level Annotations

Branches:
Dungeon (4/15)
 Temple: D:4-7

Altars:
Gozag

Annotations:
D:3 Ijyb


Innate Abilities, Weirdness & Mutations

You cannot wear most types of armour.
You are very stealthy in the water. (Stealth+)
You are amphibious.
You can wear up to eight rings at the same time.
You can use your tentacles to constrict eight enemies at once.
Your skin changes colour to match your surroundings (Stealth+).
Your rubbery body absorbs attacks. (AC +1, EV +1)


Message History

Press: ? - help, Shift-Dir - straight line, f - ogre
Aim: an ogre, wielding a giant club You freeze the ogre.
The ogre is moderately wounded.
The ogre hits you with a giant club!
You hit the ogre.
Your weapon exudes an aura of protection.
The ogre is heavily wounded.
The ogre hits you with a giant club!
* * * LOW HITPOINT WARNING * * *
Casting: Freeze
Confirm with . or Enter, or press ? or * to list all spells.
Aiming: Freeze
Press: ? - help, Shift-Dir - straight line, f/p - ogre
Aim: an ogre, wielding a giant club (heavily wounded)
You freeze the ogre.
The ogre is severely wounded.
The ogre hits you with a giant club!
You die...
Your body crumbles into a pile of gold.

### ##.###
#....# #>......#
#.##.# #.......#
#O# # #.......#
#@# ........#
#.# ........#
#.# #.......##
#.# #........#
##.# #........#
##..#
########)###..##
#.##..## #..#.##


You could see an ogre.

Vanquished Creatures
  A centaur skeleton (D:4)
  Natasha (twice) (D:3)
  A worker ant (D:2)
  A worker ant zombie (D:2)
  5 adders
  An ooze (D:2)
  An adder zombie (D:2)
  A worm (D:2)
  A dart slug (D:3)
  3 leopard geckos
  8 orcs (D:4)
  2 bat skeletons (D:2)
  2 giant cockroaches
  4 goblins
  8 hobgoblins
  A ball python (D:1)
  A bat (D:2)
  6 kobolds
  A quokka skeleton (D:2)
  A quokka zombie (D:2)
  7 rats
58 creatures vanquished.

Notes
Turn   | Place    | Note
-------+----------+-------------------------------------------
     0 | D:1      | inc the Octopode Ice Elementalist began the quest for the Orb.
     0 | D:1      | Reached XP level 1. HP: 11/11 MP: 3/3
   228 | D:1      | Reached XP level 2. HP: 12/17 MP: 5/5
   457 | D:2      | Reached skill level 4 in Ice Magic
   750 | D:2      | Reached XP level 3. HP: 21/21 MP: 3/6
  1282 | D:2      | Reached XP level 4. HP: 8/27 MP: 4/7
  1603 | D:2      | Reached skill level 5 in Ice Magic
  2042 | D:3      | Noticed Natasha
  2048 | D:3      | Killed Natasha
  2048 | D:3      | Reached XP level 5. HP: 31/31 MP: 4/8
  2179 | D:3      | Noticed Natasha
  2187 | D:3      | Killed Natasha
  2255 | D:3      | Found an opulent altar of Gozag.
  2265 | D:3      | Became a worshipper of Gozag Ym Sagoz the Greedy
  2285 | D:3      | Reached skill level 6 in Ice Magic
  2310 | D:3      | Noticed Ijyb
  2645 | D:4      | Reached XP level 6. HP: 36/36 MP: 1/9
  2731 | D:4      | Mangled by an ogre

Skill      XL: |  1  2  3  4  5 |
---------------+----------------+-----
Ice Magic      | 4 5 6 |  6.5
Dodging        | |  2.0
Stealth        | |  2.6
Spellcasting   | |  2.0
Conjurations   | |  1.0

Action                   |  1- 3 |  4- 6 || total
-------------------------+-------+-------++-------
Melee: Unarmed           |    16 |       ||    16
       Constrict         |     8 |    17 ||    25
       Tentacles         |     5 |    13 ||    18
       Whip              |     7 |    44 ||    51
       Mace              |       |    23 ||    23
 Cast: Freeze            |    29 |    36 ||    65
  Use: Potion            |       |     2 ||     2
 Stab: Sleeping          |     3 |     5 ||     8
  Eat: Chunk             |     1 |     4 ||     5
Armor: Skin              |     3 |    19 ||    22
Dodge: Dodged            |    27 |    68 ||    95
